 Dungeon Crawl Stone Soup version 0.31-a0-1204-ge2c1a860ed (console) character file.

Game seed: 10667100315409697411

18116 jejorda2 the Carver (level 12, -8/130 HPs)
             Began as a Gnoll Berserker on Dec 12, 2023.
             Was a High Priest of Trog.
             Mangled by a komodo dragon (14 damage)
             ... on level 2 of the Lair of Beasts.
             The game lasted 00:22:34 (9850 turns).

jejorda2 the Carver (Gnoll Berserker)               Turns: 9850, Time: 00:22:34

Health: -8/130     AC: 22    Str: 21    XL:     12   Next: 55%
Magic:  23/23      EV: 13    Int:  8    God:    Trog [*****.]
Gold:   644        SH:  0    Dex: 17    Spells: 26/26 levels left

rFire   + . .        b - +4 dire flail (heavy)
rCold   + . .        (shield currently unavailable)
rNeg    . . .        C - +2 chain mail {rC+}
rPois   .            B - +0 helmet
rElec   .            o - +0 cloak
rCorr   .            (no gloves)
SInv    .            k - +1 pair of boots
Will    .....        w - amulet of regeneration Stlth
                     u - +6 ring of dexterity
HPRegen 1.21/turn    y - +4 ring of protection
MPRegen 0.18/turn

%: no passive effects
@: berserking, studying Long Blades, very quick
A: fangs 1, strong nose, distributed training, claws 1, fire resistance 1, frail
1
a: Renounce Religion, Berserk, Trog's Hand, Brothers in Arms


You were on level 2 of the Lair of Beasts.
You worshipped Trog.
Trog was extremely pleased with you.
You visited 2 branches of the dungeon, and saw 11 of its levels.

You collected 644 gold pieces.

Inventory:

Hand Weapons
 a - a +4 hand axe of freezing
 b - a +4 heavy dire flail (weapon)
 f - a +0 war axe of flaming
Missiles
 e - 13 boomerangs
 i - a throwing net
 m - 2 javelins
 r - 19 poisoned darts (quivered)
Armour
 k - a +1 pair of boots (worn)
 o - a +0 cloak (worn)
 B - a +0 helmet (worn)
 C - a +2 chain mail of cold resistance (worn)
Jewellery
 u - a +6 ring of dexterity (left claw)
 w - an amulet of regeneration (around neck)
 y - a +4 ring of protection (right claw)
 D - an amulet of the acrobat
Wands
 t - a wand of roots (2)
 z - a wand of mindburst (31)
Scrolls
 h - 3 scrolls of teleportation
 n - a scroll of enchant weapon
 p - 5 scrolls of revelation
 q - a scroll of identify
 v - a scroll of fear
 A - a scroll of summoning
Potions
 c - a potion of cancellation
 d - 2 potions of curing
 g - 5 potions of heal wounds
 j - a potion of haste
 l - 3 potions of invisibility
 s - 2 potions of enlightenment
 x - a potion of mutation


   Skills:
 + Level 10.0 Fighting
 + Level 7.5 Short Blades
 + Level 10.4 Long Blades
 + Level 10.0 Axes
 + Level 7.5 Maces & Flails
 + Level 7.5 Polearms
 + Level 7.5 Staves
 + Level 7.5 Ranged Weapons
 + Level 7.5 Throwing
 + Level 8.9 Armour
 + Level 8.9 Dodging
 + Level 7.5 Stealth
 + Level 7.5 Shields
 + Level 7.5 Unarmed Combat
 + Level 7.5 Spellcasting
 + Level 6.2 Conjurations
 + Level 6.2 Hexes
 + Level 6.2 Summonings
 + Level 6.2 Necromancy
 + Level 6.2 Translocations
 + Level 6.2 Transmutations
 + Level 6.2 Fire Magic
 + Level 6.2 Ice Magic
 + Level 6.2 Air Magic
 + Level 6.2 Earth Magic
 + Level 6.2 Poison Magic
 + Level 8.2 Invocations
 + Level 7.5 Evocations
 + Level 6.8 Shapeshifting


You had 26 spell levels left.
You didn't know any spells.
Your spell library was empty.

Dungeon Overview and Level Annotations

Branches:
Dungeon (9/15)             Temple (0/1) D:5            Lair (2/5) D:9
    Orc (0/2) D:9
  Swamp: Lair:2-3    Shoals: Lair:2-3     Snake: Lair:2-3    Spider: Lair:2-3

Altars:
Cheibriados
Dithmenos
Gozag
Qazlal
Yredelemnul
Zin
The Shining One

Shops:
D:9 [

Annotations:
D:9 3 runed translucent doors, bmack86's ghost, novice MiFi


Innate Abilities, Weirdness & Mutations

You have very sharp teeth.
Your uncanny sense of smell can sniff out nearby items.
Your experience applies equally to all skills.
You have sharp fingernails.
Your flesh is heat resistant. (rF+)
You are frail. (-10% HP)


Message History

The blink frog is engulfed in calcifying dust.
The blink frog is moving more slowly.
You impale the catoblepas!! You bite the catoblepas.
The catoblepas is moderately wounded.
The blink frog is engulfed in calcifying dust.
The catoblepas gores you!!
The komodo dragon is engulfed in calcifying dust.
The blink frog is engulfed in calcifying dust.
You barely miss the catoblepas.
The catoblepas is moderately wounded.
The blink frog is engulfed in calcifying dust.
The blink frog stops moving altogether!
The blink frog is engulfed in calcifying dust.
The catoblepas gores you!
The blink frog is engulfed in calcifying dust.
You hit the catoblepas but do no damage.
You bite the catoblepas!
The catoblepas is heavily wounded.
The blink frog is engulfed in calcifying dust.
The catoblepas gores you!
* * * LOW HITPOINT WARNING * * *
The blink frog is engulfed in calcifying dust.
You barely miss the catoblepas.
You bite the catoblepas, but do no damage.
The catoblepas is heavily wounded.
The komodo dragon is no longer petrified.
The catoblepas gores you!!
* * * LOW HITPOINT WARNING * * *
The komodo dragon bites you!
* * * LOW HITPOINT WARNING * * *
You impale the catoblepas!!
The catoblepas is almost dead.
The catoblepas completely misses you.
The komodo dragon bites you but does no damage.
Unknown command.
You spit the catoblepas like a pig!!!
You kill the catoblepas!
Trog accepts your kill. The komodo dragon bites you!
You die...

### ##### # ##.###.#.###
.#####..........## #
..P#............@## ..#
...............Fl†##....#
....:.........F.F...P...#
........................#
........................#
.....................#..#
...#..........##.P.P.# .#
...####..#.P#.......... #
....##...####..........


You could see a komodo dragon and 3 blink frogs.

Vanquished Creatures
  A catoblepas (Lair:2)
  A boulder beetle (Lair:2)
  6 death yaks (Lair:2)
  The ghost of Phlounder the Magician, a novice DjCA of Ignis (D:6)
  Joseph (D:7)
  2 black mambas (Lair:1)
  3 rime drakes
  4 cane toads
  A komodo dragon (Lair:1)
  An unseen horror zombie (D:9)
  2 trolls (D:9)
  Grinder (D:3)
  5 blink frogs (Lair:1)
  14 yaks
  A vampire (D:9)
  2 wyverns
  A steam dragon (D:9)
  3 wargs (D:9)
  5 water moccasins
  An ice beast (D:6)
  6 orc warriors
  4 ogres
  2 black bears
  2 centaurs
  A phantom (D:6)
  9 bullfrogs
  6 gnoll sergeants
  3 scorpions
  9 wights
  19 killer bees
  2 howler monkeys
  An electric eel (D:7)
  A centaur zombie (D:9)
  3 jellies
  7 orc priests
  A hound (D:5)
  2 gnoll boudas
  Crazy Yiuf (D:7)
  4 iguanas
  Jessica (D:3)
  2 sleepcaps (D:4)
  11 orc wizards
  11 adders
  18 gnolls
  4 ufetubi (D:6)
  7 worms
  32 orcs
  5 endoplasms
  4 giant cockroaches
  6 goblins
  7 hobgoblins
  11 kobolds
  4 quokkas
  3 ball pythons
  5 bats
  3 frilled lizards (D:1)
  7 rats
280 creatures vanquished.

Vanquished Creatures (others)
  2 orc wizards
2 creatures vanquished.

Grand Total: 282 creatures vanquished

Notes
Turn   | Place    | Note
-------+----------+-------------------------------------------
     0 | D:1      | jejorda2 the Gnoll Berserker began the quest for the Orb.
     0 | D:1      | Reached XP level 1. HP: 23/23 MP: 1/1
    84 | D:1      | Reached XP level 2. HP: 27/29 MP: 2/2
   236 | D:1      | Found a faded altar of an unknown god.
   345 | D:1      | Reached ** piety under Trog
   575 | D:2      | Reached XP level 3. HP: 34/35 MP: 3/3
   613 | D:2      | Reached skill level 1 in Invocations
   712 | D:2      | Reached skill level 1 in Short Blades
   712 | D:2      | Reached skill level 1 in Long Blades
   712 | D:2      | Reached skill level 1 in Maces & Flails
   712 | D:2      | Reached skill level 1 in Polearms
   712 | D:2      | Reached skill level 1 in Staves
   712 | D:2      | Reached skill level 1 in Ranged Weapons
   712 | D:2      | Reached skill level 1 in Throwing
   712 | D:2      | Reached skill level 1 in Stealth
   712 | D:2      | Reached skill level 1 in Shields
   712 | D:2      | Reached skill level 1 in Unarmed Combat
   712 | D:2      | Reached skill level 1 in Spellcasting
   712 | D:2      | Reached skill level 1 in Evocations
  1066 | D:2      | Reached XP level 4. HP: 41/41 MP: 5/5
  1128 | D:2      | Reached skill level 1 in Shapeshifting
  1196 | D:3      | Noticed Jessica
  1205 | D:3      | Killed Jessica
  1206 | D:3      | Reached skill level 1 in Conjurations
  1206 | D:3      | Reached skill level 1 in Hexes
  1206 | D:3      | Reached skill level 1 in Summonings
  1206 | D:3      | Reached skill level 1 in Necromancy
  1206 | D:3      | Reached skill level 1 in Translocations
  1206 | D:3      | Reached skill level 1 in Transmutations
  1206 | D:3      | Reached skill level 1 in Fire Magic
  1206 | D:3      | Reached skill level 1 in Ice Magic
  1206 | D:3      | Reached skill level 1 in Air Magic
  1206 | D:3      | Reached skill level 1 in Earth Magic
  1206 | D:3      | Reached skill level 1 in Poison Magic
  1438 | D:3      | Noticed Grinder
  1452 | D:3      | Killed Grinder
  1453 | D:3      | Reached skill level 5 in Armour
  1453 | D:3      | Reached skill level 5 in Dodging
  1453 | D:3      | Reached XP level 5. HP: 46/47 MP: 5/8
  1453 | D:3      | Reached XP level 6. HP: 52/53 MP: 5/9
  1761 | D:4      | Noticed an orc warrior
  1767 | D:4      | Killed an orc warrior
  1768 | D:4      | Reached XP level 7. HP: 60/60 MP: 10/10
  1916 | D:4      | Reached *** piety under Trog
  2325 | D:4      | Found a stormy altar of Qazlal.
  2672 | D:5      | Entered Level 5 of the Dungeon
  2721 | D:5      | Found a staircase to the Ecumenical Temple.
  3161 | D:5      | Reached XP level 8. HP: 22/67 MP: 12/12
  3751 | D:6      | Found a shadowy altar of Dithmenos.
  3950 | D:6      | Found a runed translucent door.
  3952 | D:6      | Noticed Phlounder's ghost (novice DjCA)
  3975 | D:6      | Killed Phlounder's ghost
  3976 | D:6      | Reached XP level 9. HP: 73/73 MP: 14/14
  4140 | D:6      | Reached skill level 5 in Long Blades
  4603 | D:7      | Found a glowing silver altar of Zin.
  4609 | D:7      | Noticed Joseph
  4636 | D:7      | Killed Joseph
  4705 | D:7      | Reached skill level 5 in Invocations
  4883 | D:7      | Found an opulent altar of Gozag.
  5236 | D:7      | Reached XP level 10. HP: 18/80 MP: 17/17
  5407 | D:7      | Reached skill level 5 in Short Blades
  5407 | D:7      | Reached skill level 5 in Maces & Flails
  5407 | D:7      | Reached skill level 5 in Polearms
  5407 | D:7      | Reached skill level 5 in Staves
  5407 | D:7      | Reached skill level 5 in Ranged Weapons
  5407 | D:7      | Reached skill level 5 in Throwing
  5407 | D:7      | Reached skill level 5 in Stealth
  5407 | D:7      | Reached skill level 5 in Shields
  5407 | D:7      | Reached skill level 5 in Unarmed Combat
  5407 | D:7      | Reached skill level 5 in Spellcasting
  5407 | D:7      | Reached skill level 5 in Evocations
  5516 | D:7      | Found a runed translucent door.
  5517 | D:7      | Noticed Crazy Yiuf
  5529 | D:7      | Killed Crazy Yiuf
  6215 | D:8      | Found a glowing golden altar of the Shining One.
  6669 | D:8      | Reached skill level 5 in Shapeshifting
  6669 | D:8      | Reached **** piety under Trog
  6757 | D:8      | Found a snail-covered altar of Cheibriados.
  7227 | D:9      | Reached XP level 11. HP: 68/89 MP: 18/20
  7248 | D:9      | Found a staircase to the Lair.
  7284 | D:9      | Reached skill level 5 in Conjurations
  7284 | D:9      | Reached skill level 5 in Hexes
  7284 | D:9      | Reached skill level 5 in Summonings
  7284 | D:9      | Reached skill level 5 in Necromancy
  7284 | D:9      | Reached skill level 5 in Translocations
  7284 | D:9      | Reached skill level 5 in Transmutations
  7284 | D:9      | Reached skill level 5 in Fire Magic
  7284 | D:9      | Reached skill level 5 in Ice Magic
  7284 | D:9      | Reached skill level 5 in Air Magic
  7284 | D:9      | Reached skill level 5 in Earth Magic
  7284 | D:9      | Reached skill level 5 in Poison Magic
  7666 | D:9      | Found Taddos's Armour Shoppe.
  7835 | D:9      | Found a staircase to the Orcish Mines.
  7856 | D:9      | Reached ***** piety under Trog
  7985 | D:9      | Found a runed translucent gate.
  7985 | D:9      | Found a runed translucent gate.
  7985 | D:9      | Found a runed translucent gate.
  7985 | D:9      | Noticed bmack86's ghost (novice MiFi)
  7987 | D:9      | Found a basalt altar of Yredelemnul.
  8216 | Lair:1   | Entered Level 1 of the Lair of Beasts
  9468 | Lair:2   | Reached XP level 12. HP: 90/97 MP: 22/22
  9498 | Lair:2   | Noticed a death yak
  9499 | Lair:2   | Noticed a death yak
  9499 | Lair:2   | Noticed a death yak
  9500 | Lair:2   | Noticed a death yak
  9500 | Lair:2   | Noticed a death yak
  9511 | Lair:2   | Noticed a death yak
  9514 | Lair:2   | Killed a death yak
  9518 | Lair:2   | Killed a death yak
  9523 | Lair:2   | Killed a death yak
  9537 | Lair:2   | Gained mutation: You have sharp fingernails. [potion of
                  | mutation]
  9537 | Lair:2   | Gained mutation: You are frail. (-10% HP) [potion of
                  | mutation]
  9537 | Lair:2   | Gained mutation: Your flesh is heat resistant. (rF+)
                  | [potion of mutation]
  9543 | Lair:2   | Killed a death yak
  9544 | Lair:2   | Reached skill level 10 in Long Blades
  9548 | Lair:2   | Killed a death yak
  9551 | Lair:2   | Killed a death yak
  9556 | Lair:2   | Noticed a boulder beetle
  9566 | Lair:2   | Killed a boulder beetle
  9567 | Lair:2   | Reached skill level 10 in Fighting
  9567 | Lair:2   | Reached skill level 10 in Axes
  9835 | Lair:2   | Noticed a catoblepas
  9848 | Lair:2   | HP: 4/130 [komodo dragon (13)]
  9850 | Lair:2   | Killed a catoblepas
  9850 | Lair:2   | Mangled by a komodo dragon

Illustrated notes

Levels and vault maps discovered:
D:1:      minmay_arrival_checkered_box, layout_rooms,
          shapermc_ecumenical_altar_rom_forum, chequers_arboretum
D:2:      layout_rooms, kennysheep_small_spiral
D:3:      layout_rooms, uniq_jessica, uniq_grinder
D:4:      layout_cave_pods, old_standard_altar, st_stairs_13, minmay_manual_maat
D:5:      layout_gridville, minmay_temple_entry_wispy, kennysheep_doodads,
          columned_hall_lemuel, nicolae_wormholes
D:6:      layout_loops_cross, nicolae_dithmenos_the_darkroom,
          ebering_ghost_sewer_d
D:7:      layout_loops_corners, lemuel_doored_altar, grunt_gozag_breadcrumbs,
          lightli_minifort, uniq_joseph, uniq_crazy_yiuf_cottage
D:8:      layout_loops_corners, overflow_temple_1_default,
          mainiacjoe_overflow_catwalk
D:9:      layout_cave_pods, nicolae_yredelemnul_ghost_church,
          erik_lair_orcish_takeover, kennysheep_orc_monster_closet_entryway,
          serial_shops, shop
Lair:1:   layout_cave_pods, grunt_megastairs_5
Lair:2:   layout_gridlike

Skill      XL: |  1  2  3  4  5  6  7  8  9 10 11 12 |
---------------+-------------------------------------+-----
Invocations    | 1 2 3 4 5 6 7 8 |  8.2
Short Blades   | 1 2 3 4 6 7 |  7.5
Long Blades    | 1 2 3 4 6 8 9 10 | 10.4
Maces & Flails | 1 2 3 4 6 7 |  7.5
Polearms       | 1 2 3 4 6 7 |  7.5
Staves         | 1 2 3 4 6 7 |  7.5
Ranged Weapons | 1 2 3 4 6 7 |  7.5
Throwing       | 1 2 3 4 6 7 |  7.5
Stealth        | 1 2 3 4 6 7 |  7.5
Shields        | 1 2 3 4 6 7 |  7.5
Unarmed Combat | 1 2 3 4 6 7 |  7.5
Spellcasting   | 1 2 3 4 6 7 |  7.5
Evocations     | 1 2 3 4 6 7 |  7.5
Shapeshifting  | 1 2 3 4 5 6 |  6.8
Conjurations   | 1 2 3 4 5 6 |  6.2
Hexes          | 1 2 3 4 5 6 |  6.2
Summonings     | 1 2 3 4 5 6 |  6.2
Necromancy     | 1 2 3 4 5 6 |  6.2
Translocations | 1 2 3 4 5 6 |  6.2
Transmutations | 1 2 3 4 5 6 |  6.2
Fire Magic     | 1 2 3 4 5 6 |  6.2
Ice Magic      | 1 2 3 4 5 6 |  6.2
Air Magic      | 1 2 3 4 5 6 |  6.2
Earth Magic    | 1 2 3 4 5 6 |  6.2
Poison Magic   | 1 2 3 4 5 6 |  6.2
Armour         | 5 6 7 8 |  8.9
Dodging        | 5 6 7 8 |  8.9
Fighting       | 7 8 9 10 | 10.0
Axes           | 7 8 9 10 | 10.0

Action                     |  1- 3 |  4- 6 |  7- 9 | 10-12 || total
---------------------------+-------+-------+-------+-------++-------
  Melee: Hand axe          |   125 |    23 |       |   126 ||   274
         Bite              |     6 |     6 |    40 |    63 ||   115
         War axe           |       |    27 |   234 |       ||   261
         Punch             |       |       |     5 |     8 ||    13
         Dire flail        |       |       |    53 |   301 ||   354
  Throw: Dart              |       |       |       |     9 ||     9
 Invoke: Berserk           |       |     2 |     8 |     9 ||    19
         Trog's Hand       |       |     1 |     6 |     3 ||    10
  Evoke: Wand              |       |       |       |     1 ||     1
    Use: Scroll            |       |       |       |    21 ||    21
         Potion            |       |       |       |     4 ||     4
   Stab: Invisible         |       |       |       |     6 ||     6
 Armour: Animal skin       |     5 |       |       |       ||     5
         Ring mail         |    66 |    17 |     3 |       ||    86
         Chain mail        |       |       |    62 |   401 ||   463
         Plate armour      |       |       |   196 |    34 ||   230
         Skin              |       |       |       |    33 ||    33
  Dodge: Dodged            |    77 |    33 |   136 |   315 ||   561

Table legend: (Time is in decaauts)
 A = Elapsed time spent in this place.
 B = Non-inter-level travel time spent in this place.
 C = Inter-level travel time spent in this place.
 D = Time resting spent in this place.
 E = Time spent auto-exploring this place.
 F = Levels seen in this place.
 G = Mean time per level.
                   A        B        C        D        E       F      G
               +--------+--------+--------+--------+--------+-----+--------+
         Total |  10123 |   9754 |    369 |    662 |   7119 |  11 |  920.3 |
       Dungeon |   8448 |   8114 |    334 |    454 |   6052 |   9 |  938.7 |
          Lair |   1675 |   1640 |     35 |    207 |   1066 |   2 |  837.5 |
               +--------+--------+--------+--------+--------+-----+--------+

Top non-repeatable levels by time:
     D:7: 1537 daAuts
  Lair:1: 1232 daAuts
     D:9: 1231 daAuts
     D:4: 1109 daAuts
     D:8: 1091 daAuts
     D:5: 998 daAuts
     D:6: 892 daAuts
     D:2: 637 daAuts
     D:1: 547 daAuts
  Lair:2: 442 daAuts
     D:3: 401 daAuts
